 Seeded DCSS version 0.30-a0-719-gcc4359ea44 (webtiles) character file.

Game seed: 905864180322077160 (custom seed)

33 hikkokomori the Shield-Bearer (level 3, -4/30 HPs)
             Began as a Vine Stalker Fighter on Jan 27, 2023.
             Slain by Crazy Yiuf
             ... wielding a +3 quarterstaff of chaos
              (6 damage)
             ... on level 2 of the Dungeon.
             The game lasted 00:01:21 (1666 turns).

hikkokomori the Shield-Bearer (VSFi)                Turns: 1666, Time: 00:01:22

Health: -4/30      AC:  6    Str: 20    XL:     3   Next: 29%
Magic:  0/4        EV:  9    Int:  8    God:
Gold:   108        SH:  4    Dex: 13    Spells: 2/2 levels left

rFire   . . .      SeeInvis .    f - +1 short sword (venom)
rCold   . . .      Faith    .    c - +0 buckler
rNeg    . . .      Spirit   +    b - +0 scale mail
rPois   .          Reflect  .    (no helmet)
rElec   .          Harm     .    (no cloak)
rCorr   .          Rampage  .    (no gloves)
Will    .....                    (no boots) Stlth
                                 (no amulet)
HPRegen 0.25/turn                (no ring)
MPRegen 0.09/turn                (no ring)

@: berserking, slowed
A: fangs 2, magic shield, antimagic bite, no potion heal 2
a: no special abilities


You were on level 2 of the Dungeon.
You visited 1 branch of the dungeon, and saw 2 of its levels.

You collected 108 gold pieces.

Inventory:

Hand Weapons
 a - a +0 flail
 f - a +1 short sword of venom (weapon)
Armour
 b - a +0 scale mail (worn)
 c - a +0 buckler (worn)
Scrolls
 g - a scroll of vulnerability {unknown}
 i - a scroll of teleportation {unknown}
 j - a scroll of fear {unknown}
 k - a scroll of identify {unknown}
 l - a scroll of noise {unknown}
 n - a scroll of amnesia {unknown}
 o - a scroll of poison {unknown}
 p - a scroll of magic mapping {unknown}
Potions
 d - a potion of might
 e - 5 potions of curing
 h - a potion of flight {unknown}
 m - a potion of magic {unknown}
 q - a potion of haste {unknown}


   Skills:
 + Level 3.1 Fighting
 + Level 1.0 Short Blades
 - Level 2.0 Maces & Flails
 - Level 2.4 Armour
 + Level 3.1 Shields


You had 2 spell levels left.
You didn't know any spells.
Your spell library was empty.

Dungeon Overview and Level Annotations

Branches:
Dungeon (2/15)

Altars:

Shops:
D:1 *

Annotations:
D:2 Crazy Yiuf


Innate Abilities, Weirdness & Mutations

You have extremely sharp teeth.
When hurt, damage is shared between your health and your magic reserves.
Your bite disrupts and absorbs the magic of your enemies.
Potions cannot restore your health.


Message History

No target in view!
Things that are here:
a +0 club; a goblin corpse; a ball python corpse
Found a stone staircase leading down.
q - a cyan potion
Found a cloak.
You see here a +0 cloak.
You now have 108 gold pieces (gained 8).
You see here a +0 spear.
There is a stone staircase leading down here.
Key pressed, stopping explore.
Crazy Yiuf shouts!
Crazy Yiuf says, "Key verde pizzabubble!"
Could not explore, unopened runed door.
Could not explore, unopened runed door.
Could not explore, unopened runed door.
No reachable target in view!
You open the door. You hit Crazy Yiuf.
Crazy Yiuf is poisoned.
Crazy Yiuf is lightly wounded.
Crazy Yiuf drinks a potion.
Crazy Yiuf is healed!
Crazy Yiuf looks more healthy.
You hit Crazy Yiuf. You bite Crazy Yiuf. You drain his power.
Crazy Yiuf is heavily wounded.
Crazy Yiuf hits you with a +3 quarterstaff of chaos.
You feel yourself slow down.
You barely miss Crazy Yiuf.
Crazy Yiuf is heavily wounded.
Crazy Yiuf hits you but does no damage.
You hit Crazy Yiuf.
Crazy Yiuf is poisoned.
Crazy Yiuf is severely wounded.
Crazy Yiuf hits you with a +3 quarterstaff of chaos!
Ouch! That really hurt!
* * * LOW HITPOINT WARNING * * *
A red film seems to cover your vision as you go berserk!
You feel yourself moving faster!
You feel mighty!
You barely miss Crazy Yiuf. Your bite misses Crazy Yiuf.
Crazy Yiuf is almost dead.
Crazy Yiuf hits you with a +3 quarterstaff of chaos.
You die...

# #.#
####....# #
#.# #....#
#######.##
♣....♣
.........#
♣♣...♣
#######..#
♣♣.♣♣ #..#
♣♣.♣ #..#
♣.♣♣ #..#
♣♣.♣ #..###
♣@♣♣ ##
#....# #g#
.######.####
...
...........#
#...#
........####
#)..#
#########
#####


You could see Crazy Yiuf (very poisoned).

Vanquished Creatures
  4 ball pythons
  4 endoplasms (D:1)
  2 giant cockroaches (D:1)
  3 goblins
  3 hobgoblins
  2 kobolds
  3 quokkas (D:1)
  4 bats
  3 frilled lizards
  A rat (D:2)
29 creatures vanquished.

Notes
Turn   | Place    | Note
-------+----------+-------------------------------------------
     0 | D:1      | hikkokomori the Vine Stalker Fighter began the quest for
                  | the Orb.
     0 | D:1      | Reached XP level 1. HP: 11/11 MP: 2/2
    20 | D:1      | Found Heeq's Assorted Antiques.
   135 | D:1      | Reached XP level 2. HP: 16/16 MP: 3/3
   734 | D:1      | Reached XP level 3. HP: 20/20 MP: 4/4
  1161 | D:2      | Reached skill level 1 in Short Blades
  1315 | D:2      | Found a runed translucent door.
  1316 | D:2      | Noticed Crazy Yiuf
  1665 | D:2      | HP: 1/20 [Crazy Yiuf/+3 quarterstaff of chaos (14)]
  1666 | D:2      | Slain by Crazy Yiuf

Illustrated notes

Levels and vault maps discovered:
D:1:      dpeg_arrival_renting, layout_loops_ring, serial_shops, shop,
          nicolae_figureground_sparkle
D:2:      layout_loops_ring, grunt_ministairs_14, kennysheep_generic_room_4,
          uniq_crazy_yiuf_cottage

Skill      XL: |  1  2  3 |
---------------+----------+-----
Maces & Flails | 2 |  2.0
Fighting       | 3 |  3.1
Shields        | 3 |  3.1
Short Blades   | 1 |  1.0
Armour         | |  2.4

Action                     || total
---------------------------++-------
  Melee: Flail             ||    13
         Bite              ||    14
         Short sword       ||    69
 Armour: Scale mail        ||    23
  Dodge: Dodged            ||    32
  Block: Buckler           ||    14

Table legend: (Time is in decaauts)
 A = Elapsed time spent in this place.
 B = Non-inter-level travel time spent in this place.
 C = Inter-level travel time spent in this place.
 D = Time resting spent in this place.
 E = Time spent auto-exploring this place.
 F = Levels seen in this place.
 G = Mean time per level.
                   A        B        C        D        E       F      G
               +--------+--------+--------+--------+--------+-----+--------+
         Total |   1671 |   1595 |     76 |      0 |   1407 |   2 |  835.5 |
       Dungeon |   1671 |   1595 |     76 |      0 |   1407 |   2 |  835.5 |
               +--------+--------+--------+--------+--------+-----+--------+

Top non-repeatable levels by time:
     D:1: 987 daAuts
     D:2: 683 daAuts
